 Dungeon Crawl Stone Soup version 0.31-a0-150-g89dc3ad700 (webtiles) character file.

Game seed: 12337578072927720813

99 qw the Shooter (level 4, -1/39 HPs)
             Began as a Minotaur Hunter on June 8, 2023.
             Killed from afar by an orc wizard (11 damage)
             ... with a puff of flame
             ... on level 3 of the Dungeon.
             The game lasted 00:00:42 (1584 turns).

qw the Shooter (Minotaur Hunter)                    Turns: 1584, Time: 00:00:43

Health: -1/39      AC:  3    Str: 20 (22) XL:     4   Next: 45%
Magic:  3/3        EV: 12    Int:  6      God:
Gold:   135        SH:  0    Dex: 13 (15) Spells: 3/3 levels left

rFire   . . .        Y - +0 shortbow (flame)
rCold   + . .        (shield currently unavailable)
rNeg    . . .        c - +0 leather armour
rPois   .            (helmet restricted)
rElec   .            (no cloak)
rCorr   .            (no gloves)
SInv    .            (no boots)
Will    .....        (no amulet)
Stlth   +            e - +6 ring of strength
HPRegen 0.26/turn    k - ring of protection from cold
MPRegen 0.08/turn

%: no passive effects
@: confused
A: horns 2, retaliatory headbutt
a: no special abilities


You were on level 3 of the Dungeon.
You visited 1 branch of the dungeon, and saw 3 of its levels.

You collected 135 gold pieces.


Innate Abilities, Weirdness & Mutations

You have a pair of horns on your head.
You reflexively headbutt those who attack you in melee.


   Skills:
 + Level 3.6 Fighting
 - Level 6.0 Ranged Weapons
 - Level 2.1 Dodging
 - Level 0.7 Stealth


You had 3 spell levels left.
You didn't know any spells.
Your spell library was empty.

Inventory:

Hand Weapons
 Y - a +0 shortbow of flaming (weapon)
Armour
 c - a +0 leather armour (worn)
Jewellery
 a - an amulet of faith
 e - a +6 ring of strength (left hand)
 k - a ring of protection from cold (right hand)
Scrolls
 g - a scroll of vulnerability {unknown}
 h - a scroll of fog {unknown}
 j - a scroll of identify
Potions
 b - a potion of lignification {unknown}
 d - a potion of mutation {unknown}
 f - a potion of haste {unknown}
 i - a potion of ambrosia {unknown}

Dungeon Overview and Level Annotations

Branches:
Dungeon (3/15)

Altars:
Hepliaklqana
Ru


Message History

Something hits you but does no damage. Something hits you.
You shoot an arrow. Something hits you.
You shoot an arrow. Something hits you.
You shoot an arrow. Something hits you.
You shoot an arrow. Something hits you but does no damage.
You shoot an arrow. Something hits you.
You shoot an arrow.
You hear some strange, mumbled words.
A puff of flame appears from out of thin air!
The puff of flame hits you.
You shoot an arrow.
You hear some strange, mumbled words.
You are confused.
You shoot an arrow. Something hits you.
You shoot an arrow. Something hits you but does no damage. Something hits you.
You shoot an arrow. Something hits you but does no damage.
You shoot an arrow.
You hear some strange, mumbled words.
You are more confused.
You shoot an arrow. Something hits you.
You shoot an arrow. Something hits you but does no damage.
You shoot an arrow.
You hear some strange, mumbled words.
A puff of flame appears from out of thin air!
The puff of flame hits you!
You shoot an arrow.
You hear some strange, mumbled words.
A puff of flame appears from out of thin air!
The puff of flame hits you!
You die...

. #... #....... ..##...
#....... ......
#..<.... ##... ##....).
. #.%. #....#)#####..
#... #.......#.^...#
#...
#.....{........###.#...
#.....@.........##.....
#...............###(.##
#......................
#...............#####..
#...............## #..
#................#####.
##.............#.%.# #.
##...........####.###.
##.........## #.....


There were no monsters in sight!

Vanquished Creatures
  5 adders
  A dart slug (D:1)
  4 orcs (D:3)
  5 bats
  4 endoplasms
  2 giant cockroaches
  3 hobgoblins
  3 jackals (D:3)
  4 kobolds
  2 quokkas
  A ball python (D:3)
  5 frilled lizards
  4 goblins
  5 rats
48 creatures vanquished.

Notes
Turn   | Place    | Note
-------+----------+-------------------------------------------
     0 | D:1      | qw the Minotaur Hunter began the quest for the Orb.
     0 | D:1      | Reached XP level 1. HP: 18/18 MP: 0/0
     0 | D:1      | 0 ||| qw: Version: 0.2-a-119-g7aa9181
     0 | D:1      | 0 ||| qw: Game counter: 2789
     0 | D:1      | 0 ||| qw: Always use a shield: true
     0 | D:1      | 0 ||| qw: God list: Okawaru
     0 | D:1      | 0 ||| qw: Allow faded altars: false
     0 | D:1      | 0 ||| qw: Do Orc after D:15 true
     0 | D:1      | 0 ||| qw: Do second Lair branch before Depths: true
     0 | D:1      | 0 ||| qw: Lair rune preference: random
     0 | D:1      | 0 ||| qw: Plans: Normal
     0 | D:1      | 0 ||| PLANNING D:1-11
   131 | D:1      | Reached XP level 2. HP: 25/25 MP: 1/1
   133 | D:1      | Reached skill level 5 in Ranged Weapons
   351 | D:1      | Reached skill level 3 in Fighting
   500 | D:1      | 500 ||| UPGRADING to +6 ring of strength.
   501 | D:1      | 501 ||| READING scroll labelled ILEBRU ISAEFONI.
   502 | D:1      | 502 ||| READING scroll labelled ZUHOXI TETUSIC.
   503 | D:1      | 503 ||| DROPPING scroll of butterflies.
   529 | D:2      | Identified the +0 robe "Taclutt" {Str+2 Dex-5 Slay+3}
   584 | D:2      | Reached XP level 3. HP: 25/31 MP: 2/2
  1100 | D:2      | 1100 ||| DROPPING +0 robe "Taclutt" {Str+2 Dex-5 Slay+3}.
  1101 | D:2      | 1101 ||| UPGRADING to ring of protection from cold.
  1102 | D:2      | 1102 ||| READING scroll labelled GAL KOPTAF.
  1157 | D:2      | 1157 ||| READING scroll labelled ROREICSIEPS.
  1158 | D:2      | 1158 ||| READING scroll labelled PAKORI MIMIO.
  1159 | D:2      | 1159 ||| READING scroll labelled SAEFRE KEANUI.
  1162 | D:2      | 1162 ||| DRINKING 2 grey potions.
  1163 | D:2      | 1163 ||| DROPPING potion of degeneration.
  1291 | D:3      | Identified the +3 dagger "Wolyic" {flame, rElec rC+}
  1381 | D:3      | Found a hazy altar of Hepliaklqana.
  1387 | D:3      | Reached skill level 6 in Ranged Weapons
  1387 | D:3      | Reached XP level 4. HP: 38/38 MP: 3/3
  1435 | D:3      | Found a sacrificial altar of Ru.
  1584 | D:3      | Killed from afar by an orc wizard

Levels and vault maps discovered:
D:1:      dpeg_arrival_tiny_k, layout_basic, kennysheep_crisscross
D:2:      layout_basic, chequers_serial_rivers_large_a, minmay_bisected
D:3:      layout_rooms, mainiacjoe_overflow_catch_the_wave

Skill      XL: |  1  2  3 |
---------------+----------+-----
Ranged Weapons | 5 6 |  6.0
Fighting       | 3 |  3.6
Dodging        | |  2.1
Stealth        | |  0.7

Action                     |  1- 3 |  4- 6 || total
---------------------------+-------+-------++-------
   Fire: Shortbow          |   100 |    50 ||   150
    Use: Scroll            |     6 |       ||     6
         Potion            |     1 |       ||     1
 Armour: Leather armour    |    18 |     8 ||    26
  Dodge: Dodged            |    24 |     8 ||    32

Table legend:
 A = Non-vault XP
 B = Vault XP
 C = Vault XP percentage of total XP
 D = Non-vault monster count
 E = Vault monster count
 F = Vault count percentage of total count
                 A         B        C        D         E       F
            +---------+---------+-------+---------+---------+-------
      Total |     128 |      14 |   9.9 |      46 |       2 |   4.2
            +---------+---------+-------+---------+---------+-------
        D:1 |      29 |       0 |   0.0 |      17 |       0 |   0.0
        D:2 |      30 |      14 |  31.8 |      11 |       2 |  15.4
        D:3 |      69 |       0 |   0.0 |      18 |       0 |   0.0
            +---------+---------+-------+---------+---------+-------
